cohdb
Replays
Latest Replays
All Replays
Popular Replays
Top Player Replays
Match Explorer
How It Works
Community
CoH3 Stats
Reddit
Sign in to upload your games and track your stats! →
Sign in with Steam
Match 41442739
Unlisted
Match 41442739
Overview
Messages
Build Orders
End
Construct Infanterie Kompanie
Kettenkrad Recon Vehicle
Grenadier Squad
Grenadier Squad
Construct Panzergrenadier Kompanie
Panzergrenadier Squad
Medical Station
Panzergrenadier Squad
Construct Panzer Kompanie
Stoßtruppen Squad
Pak 40 Anti-tank Gun Team
Panzer IV Medium Tank
Selects Breakthrough Battlegroup
Selects Rapid Production
Selects Blitzkrieg
Selects Assault Grenadiers
Panzer IV Medium Tank
Pioneer Squad
Support Elements
Blitzkrieg
Nebelwerfer 42 Rocket Launcher Team
R.R.
NoLifeIsPower
sw
Auxiliary Priest
0
0
Comments
sign in to comment!
No comments posted yet!